 Dungeon Crawl Stone Soup version 0.31.0-12-g77e489cdc1 (webtiles) character file.

Game seed: 4357205726785950328

56 Gadfly the Shooter (level 4, 0/27 HPs)
             Began as a Kobold Hunter on Feb 25, 2024.
             Slain by a gnoll
             ... wielding a +0 halberd
              (15 damage)
             ... on level 2 of the Dungeon.
             The game lasted 00:01:36 (1160 turns).

Gadfly the Shooter (Kobold Hunter)                  Turns: 1160, Time: 00:01:37

Health: 0/27       AC:  3    Str:  8    XL:     4   Next: 15%
Magic:  4/4        EV: 15    Int: 10    God:
Gold:   143        SH:  0    Dex: 20    Spells: 3/3 levels left

rFire   . . .        a - +0 shortbow
rCold   . . .        (shield currently unavailable)
rNeg    . . .        c - +0 leather armour
rPois   .            (no helmet)
rElec   .            (no cloak)
rCorr   .            (no gloves)
SInv    .            (no boots)
Will    .....        (no amulet)
Stlth   +++          (no ring)
HPRegen 0.24/turn    (no ring)
MPRegen 0.09/turn

%: no passive effects
@: no status effects
A: small, no large weapons, nightstalker 3
a: no special abilities


You were on level 2 of the Dungeon.
You visited 1 branch of the dungeon, and saw 2 of its levels.

You collected 143 gold pieces.

Inventory:

Hand Weapons
 a - a +0 shortbow (weapon)
Armour
 c - a +0 leather armour (worn)
Jewellery
 i - a ring of see invisible
Scrolls
 b - a scroll of butterflies
 d - a scroll of silence {unknown}
 e - a scroll of noise {unknown}
 h - a scroll of immolation {unknown}
Potions
 f - a potion of heal wounds {unknown}
 g - 2 potions of attraction {unknown}


   Skills:
 + Level 2.7 Fighting
 + Level 5.7 Ranged Weapons
 + Level 3.1 Dodging
 - Level 1.3 Stealth
 * Level 2.4 Evocations


You had 3 spell levels left.
You didn't know any spells.
Your spell library contained the following spells:

 Spells                   Type           Power      Damage    Failure   Level
 Blink                    Tloc           0%         N/A       63%         2
 Lesser Beckoning         Tloc           0%         N/A       63%         2
 Momentum Strike          Conj/Tloc      0%         3d8       63%         2


Dungeon Overview and Level Annotations

Branches:
Dungeon (2/15)

Altars:

Shops:
D:1 ?


Innate Abilities, Weirdness & Mutations

You are small and have problems with some larger weapons.
You are completely attuned to the shadows.


Message History

You are caught in a web!
You are caught in a web!
You are caught in a web!
You are caught in a web!
You are caught in a web!
You are caught in a web!
You are caught in a web!
Unknown command.
The web tears apart.
The ribbon worm expels a string of sticky webbing.
The stream of webbing misses you.
You shoot an arrow. The arrow hits the ribbon worm!
The ribbon worm is severely wounded.
You shoot an arrow. The arrow hits the ribbon worm!
You kill the ribbon worm!
You shoot an arrow.
The arrow hits the hobgoblin but does no damage.
The hobgoblin throws a stone.
The stone hits you.
You shoot an arrow. The arrow barely misses the hobgoblin.
You shoot an arrow. The arrow closely misses the hobgoblin.
The hobgoblin misses you.
You shoot an arrow. The arrow hits the hobgoblin!
You kill the hobgoblin!
A gnoll comes into view. It is wielding a +0 spear.
You shoot an arrow. The arrow closely misses the gnoll.
You shoot an arrow. The arrow barely misses the gnoll.
A gnoll comes into view. It is wielding a +0 halberd.
You shoot an arrow. The arrow hits the gnoll!
The gnoll is severely wounded.
The gnoll hits you from afar with a +0 spear.
You shoot an arrow. The arrow barely misses the gnoll.
The gnoll hits you from afar with a +0 spear.
You shoot an arrow. The arrow hits the gnoll.
The gnoll is almost dead.
The gnoll barely misses you.
The gnoll hits you from afar with a +0 spear.
The gnoll closely misses you.
The gnoll hits you from afar with a +0 halberd!
Ouch! That really hurt!
You die...

...###.# ......#
.....#.##.######.#
...g.......
..##.###
.....#.##.#
#......#
...##...#.#
####.#.# ..
#......######.#.#
.
##gg.#........#.#
##(###########(#
#@# #.# #+#


You could see 2 gnolls.

Vanquished Creatures
  An adder (D:2)
  A dart slug (D:2)
  2 ribbon worms (D:2)
  3 orcs (D:2)
  2 endoplasms
  A giant cockroach (D:1)
  7 goblins
  6 hobgoblins
  3 jackals (D:1)
  A kobold (D:1)
  2 ball pythons (D:1)
  A bat (D:1)
  A frilled lizard (D:1)
  2 rats
33 creatures vanquished.

Notes
Turn   | Place    | Note
-------+----------+-------------------------------------------
     0 | D:1      | Gadfly the Kobold Hunter began the quest for the Orb.
     0 | D:1      | Reached XP level 1. HP: 12/12 MP: 1/1
    49 | D:1      | Reached skill level 1 in Evocations
    49 | D:1      | Reached XP level 2. HP: 18/18 MP: 2/2
   261 | D:1      | Found Herarch's Magic Scroll Shoppe.
   528 | D:1      | Reached XP level 3. HP: 22/22 MP: 3/3
  1091 | D:2      | Reached XP level 4. HP: 27/27 MP: 4/4
  1160 | D:2      | Slain by a gnoll

Illustrated notes

Levels and vault maps discovered:
D:1:      reono_arrival_forest_river, layout_basic, serial_shops, shop
D:2:      layout_loops_corners, guppyfry_early_orc_mine

Skill      XL: |  1  2  3 |
---------------+----------+-----
Evocations     | 1 2 |  2.4
Dodging        | 3 |  3.1
Fighting       | |  2.7
Ranged Weapons | |  5.7
Stealth        | |  1.3

Action                     |  1- 3 |  4- 6 || total
---------------------------+-------+-------++-------
   Fire: Shortbow          |    68 |    19 ||    87
 Armour: Leather armour    |     7 |     5 ||    12
  Dodge: Dodged            |    11 |     8 ||    19
